 Dungeon Sprint DCSS version 0.31-a0-1458-g2f8d4710b4 (webtiles) character file.

Game seed: 5850876011773313821

17929 Groucho the Eclecticist (level 12, -2/91 HPs)
             Began as a Djinni Earth Elementalist on Dec 28, 2023.
             Was the Champion of Dithmenos.
             Shot with an arrow by something (13 damage)
             ... in the Dungeon (Sprint VII: "The Pits").
             The game lasted 00:23:13 (13736 turns).

Groucho the Eclecticist (DjEE)                     Turns: 13736, Time: 00:23:14

Health: -2/91      AC: 13    Str:  7    XL:     12   Next: 88%
Gold:   28         EV: 19    Int: 21    God:    Dithmenos [******] SH:  0 Dex: 18

rFire   + + .        j - +1 dagger (elec)
rCold   x . .        (no shield)
rNeg    . . .        s - +0 acid dragon scales
rPois   ∞            r - +0 helmet
rElec   .            (no cloak)
rCorr   +            (no gloves)
SInv    .            (boots unavailable)
Will    +....        (no amulet)
Stlth   ++++++       m - +3 ring of protection
HPRegen 0.35/turn    n - +3 ring of dexterity
MPRegen 0.00/turn

%: no teleportation, infuse magic (-3 HP)
@: flying, wreathed by umbra
A: sickness immunity, fire resistance 2, cold vulnerability 1, float, innate
caster, HP casting, extra vitality 1
a: Renounce Religion, Shadow Step, Shadow Form


You were in the Dungeon.
You worshipped Dithmenos.
Dithmenos was exalted by your worship.
You visited 1 branch You collected 28 gold pieces.

Inventory:

Hand Weapons
 b - a +2 dagger
 j - a +1 dagger of electrocution (weapon)
 q - a +2 rapier of distortion
Armour
 a - a +0 robe
 c - a +3 scale mail
 r - a +0 helmet (worn)
 s - +0 acid dragon scales (worn)
Jewellery
 m - a +3 ring of protection (left hand)
 n - a +3 ring of dexterity (right hand)
 y - a ring of positive energy
 B - a ring of willpower
Scrolls
 f - 5 scrolls of enchant armour
 h - 2 scrolls of vulnerability
 t - 2 scrolls of fear
 u - 2 scrolls of identify
 v - 2 scrolls of fog
 w - 2 scrolls of enchant weapon
 x - a scroll of brand weapon
Potions
 d - 3 potions of haste
 e - 4 potions of berserk rage
 g - a potion of invisibility
 k - 12 potions of curing
 l - 3 potions of heal wounds
 o - 4 potions of brilliance
 p - 2 potions of mutation
 z - a potion of lignification
 A - a potion of attraction


   Skills:
 - Level 10.0 Fighting
 + Level 5.1 Short Blades
 - Level 12.0 Armour
 - Level 15.0 Dodging
 + Level 7.1 Stealth
 + Level 18.0 Spellcasting
 + Level 18.0 Conjurations
 + Level 18.0 Hexes
 + Level 18.0 Summonings
 + Level 18.0 Necromancy
 + Level 18.0 Translocations
 + Level 18.0 Fire Magic
 + Level 18.0 Ice Magic
 + Level 18.0 Air Magic
 + Level 18.0 Earth Magic
 + Level 18.0 Alchemy


You knew the following spells:

 Your Spells              Type           Power      Damage    Failure   Level
a - Sandblast             Erth           100%       2d20      0%          1
b - Passwall              Erth           76%        N/A       0%          3
c - Stone Arrow           Conj/Erth      100%       3d13      0%          3
d - Petrify               Alch/Erth      76%        N/A       1%          4
e - Brom's Barrelling Bo  Conj/Erth      76%        2d9       1%          4
f - Necrotise             Necr           100%       1d9       0%          1
g - Jinxbite              Hex            100%       N/A       0%          2
h - Fugue of the Fallen   Necr           76%        N/A       0%          3
i - Summon Ice Beast      Ice/Summ       76%        N/A       0%          3
j - Iskenderun's Battles  Conj           76%        2d12      1%          5
Your spell library was empty.

Dungeon Overview and Level Annotations

Branches:
Dungeon (1/1)

Altars:
Ashenzari
Cheibriados
Dithmenos
Elyvilon
Fedhas
Gozag
Hepliaklqana
Makhleb
Nemelex Xobeh
Okawaru
Qazlal
Ru
Trog
Uskayaw
Wu Jian
Xom
Yredelemnul
Zin
The Shining One
Jiyva
Lugonu


Innate Abilities, Weirdness & Mutations

You are immune to sickness and miasma.
You are immune to poison.
Your flesh is very heat resistant. (rF++)
You are vulnerable to cold. (rC-)
You float through the air rather than walking.
You learn spells naturally, not from books.
Your magical power is your life essence.
You have superior vitality. (+4 MHP)


Message History

Okay, then.
Casting: Stone Arrow (safe; 0% risk of failure)
Confirm with . or Enter, or press ? or * to list all spells.
Aiming: Stone Arrow (safe; 0% risk of failure)
Press: ? - help, Shift-Dir - straight line The stone arrow hits something!!
You hear a bow twang.
An arrow appears from out of thin air!
The arrow hits you.
You hear some strange, mumbled words.
A shard of ice appears from out of thin air!
The shard of ice hits you!!
You feel a painful chill!
Unknown command.
Unknown command.
Casting: Stone Arrow (safe; 0% risk of failure)
Confirm with . or Enter, or press ? or * to list all spells.
Aiming: Stone Arrow (safe; 0% risk of failure)
Press: ? - help, Shift-Dir - straight line You hear a bow twang.
An arrow appears from out of thin air!
The arrow hits you.
Unknown command.
Unknown command.
Unknown command.
You hear some strange, mumbled words.
A lance of force appears from out of thin air!
The lance of force hits you!!
* * * LOW HITPOINT WARNING * * *
You emit a cloud of dark smoke.
You are knocked back by the lance of force.
Unknown command.
Unknown command.
You feel much better.
Unknown command.
Unknown command.
You hear a bow twang.
An arrow appears from out of thin air!
The arrow hits you!!
* * * LOW HITPOINT WARNING * * *
You emit a cloud of dark smoke.
You hear a bow twang.
An arrow appears from out of thin air!
The arrow hits you!
You die...

#++##################
#...@..§{§..§{{§{....
#.....§§§§..§§.§)....
#..##############''##
#..# +. #....... #..#
#N. #....... ####
#..# ##...#######..##
#..# #..#
........#e...... #..#
#..# ..p..e..........
'..# #).#
........#.......


There were no monsters in sight!

Vanquished Creatures
  An emperor scorpion (D)
  3 boulder beetles (D)
  A sun demon (D)
  A deep elf knight (D)
  A sea snake (D)
  2 flayed ghosts (D)
  A deep elf zephyrmancer (D)
  7 orc knights (D)
  A manticore (D)
  A black mamba (D)
  A smoke demon (D)
  A yaktaur (D)
  2 orange demons (D)
  A gargoyle (D)
  A komodo dragon (D)
  An efreet (D)
  A guardian mummy (D)
  A freezing wraith (D)
  A red devil (D)
  A wind drake (D)
  4 blink frogs (D)
  Grinder (D)
  Prince Ribbit (D)
  A glass eye (D)
  A tarantella (D)
  2 spriggans (D)
  2 jumping spiders (D)
  A water elemental (D)
  A small abomination (D)
  3 yaks (D)
  2 fire bats (D)
  A wyvern (D)
  Grum (D)
  A redback (D)
  3 vampire mosquitoes (D)
  2 acid dragons (D)
  An orc warrior (D)
  A black bear (D)
  A sky beast (D)
  3 wolves (D)
  A centaur (D)
  A kobold brigand (D)
  A weeping skull (D)
  A bullfrog (D)
  2 scorpions (D)
  2 earth elementals (D)
  A crimson imp (D)
  An orc priest (D)
  A hound (D)
  An iron imp (D)
  2 orc wizards (D)
  2 mummies (D)
  A gnoll (D)
  2 ufetubi (D)
  An adder zombie (D)
  6 orcs (D)
  A bat skeleton (D)
  A giant cockroach (D)
  2 hobgoblins (D)
  A quokka (D)
  A jackal zombie (D)
  A kobold (D)
  3 rats (D)
99 creatures vanquished.

Vanquished Creatures (collateral kills)
  A komodo dragon (D)
  A boulder (D)
2 creatures vanquished.

Vanquished Creatures (others)
  4 boulders (D)
4 creatures vanquished.

Grand Total: 105 creatures vanquished

Notes
Turn   | Place    | Note
-------+----------+-------------------------------------------
     0 | D        | Groucho the Djinni Earth Elementalist began the quest for
                  | the Orb.
     0 | D        | Groucho set off with the following spells memorised:
                  | Sandblast, Passwall, Stone Arrow, Petrify, Brom's
                  | Barrelling Boulder.
     0 | D        | Reached XP level 1. HP: 15/15 MP: 0/0
   372 | D        | Found a bloodstained altar of Trog.
   372 | D        | Found a viscous altar of Jiyva.
   372 | D        | Found a hazy altar of Hepliaklqana.
   372 | D        | Found an opulent altar of Gozag.
   374 | D        | Found a glowing golden altar of the Shining One.
   374 | D        | Found a glowing silver altar of Zin.
   374 | D        | Found a basalt altar of Yredelemnul.
   374 | D        | Found a shimmering altar of Xom.
   374 | D        | Found an ornate altar of the Wu Jian Council.
   374 | D        | Found a sacrificial altar of Ru.
   374 | D        | Found a stormy altar of Qazlal.
   374 | D        | Found an iron altar of Okawaru.
   374 | D        | Found a sparkling altar of Nemelex Xobeh.
   374 | D        | Found a burning altar of Makhleb.
   374 | D        | Found a blossoming altar of Fedhas.
   374 | D        | Found a white marble altar of Elyvilon.
   374 | D        | Found a shadowy altar of Dithmenos.
   374 | D        | Found a snail-covered altar of Cheibriados.
   376 | D        | Found a corrupted altar of Lugonu.
   377 | D        | Found a hide-covered altar of Uskayaw.
   377 | D        | Found a broken altar of Ashenzari.
   386 | D        | Became a worshipper of Dithmenos the Shadowed
   397 | D        | Noticed a scorpion
   414 | D        | Reached XP level 2. HP: 7/21 MP: 0/0
   415 | D        | HP: 1/21 [scorpion (7)]
   418 | D        | Killed a scorpion
   419 | D        | Reached XP level 3. HP: 2/25 MP: 0/0
   419 | D        | Learned a level 1 spell: Necrotise
   419 | D        | Reached XP level 4. HP: 2/31 MP: 0/0
  1011 | D        | Reached * piety under Dithmenos
  1119 | D        | Noticed a scorpion
  1120 | D        | Killed a scorpion
  1120 | D        | Noticed a bullfrog
  1121 | D        | Reached XP level 5. HP: 34/35 MP: 0/0
  1121 | D        | Learned a level 2 spell: Jinxbite
  1124 | D        | Killed a bullfrog
  1124 | D        | Reached ** piety under Dithmenos
  1125 | D        | Reached XP level 6. HP: 19/40 MP: 0/0
  1757 | D        | Noticed a glass eye
  2017 | D        | Reached *** piety under Dithmenos
  2192 | D        | Killed a glass eye
  2193 | D        | Reached skill level 5 in Short Blades
  2193 | D        | Reached XP level 7. HP: 27/45 MP: 0/0
  2193 | D        | Learned a level 3 spell: Fugue of the Fallen
  2739 | D        | Reached **** piety under Dithmenos
  3073 | D        | Noticed a jumping spider
  3075 | D        | Killed a jumping spider
  3076 | D        | Reached skill level 10 in Spellcasting
  3076 | D        | Reached skill level 10 in Conjurations
  3076 | D        | Reached skill level 10 in Hexes
  3076 | D        | Reached skill level 10 in Summonings
  3076 | D        | Reached skill level 10 in Necromancy
  3076 | D        | Reached skill level 10 in Translocations
  3076 | D        | Reached skill level 10 in Fire Magic
  3076 | D        | Reached skill level 10 in Ice Magic
  3076 | D        | Reached skill level 10 in Air Magic
  3076 | D        | Reached skill level 10 in Earth Magic
  3076 | D        | Reached skill level 10 in Alchemy
  3397 | D        | Noticed a fire bat
  3401 | D        | Killed a fire bat
  3402 | D        | Reached XP level 8. HP: 33/50 MP: 0/0
  3402 | D        | Reached ***** piety under Dithmenos
  3868 | D        | Noticed a deep elf zephyrmancer
  3869 | D        | Noticed a water elemental
  3871 | D        | Killed a deep elf zephyrmancer
  3872 | D        | Reached skill level 5 in Fighting
  3876 | D        | Killed a water elemental
  3877 | D        | Reached XP level 9. HP: 48/66 MP: 0/0
  3877 | D        | Learned a level 3 spell: Summon Ice Beast
  4250 | D        | Noticed Prince Ribbit
  4258 | D        | Killed Prince Ribbit
  4462 | D        | Noticed an orange demon
  4464 | D        | Noticed a freezing wraith
  4467 | D        | Killed an orange demon
  4471 | D        | Killed a freezing wraith
  4697 | D        | Noticed a komodo dragon
  4702 | D        | Killed a komodo dragon
  4702 | D        | Reached ****** piety under Dithmenos
  4703 | D        | Reached skill level 10 in Fighting
  4703 | D        | Reached XP level 10. HP: 77/80 MP: 0/0
  4942 | D        | Noticed a boulder beetle
  4948 | D        | Killed a boulder beetle
  5911 | D        | Noticed a flayed ghost
  5911 | D        | Noticed a boulder beetle
  5915 | D        | Killed a flayed ghost
  5916 | D        | Reached skill level 15 in Spellcasting
  5916 | D        | Reached skill level 15 in Conjurations
  5916 | D        | Reached skill level 15 in Hexes
  5916 | D        | Reached skill level 15 in Summonings
  5916 | D        | Reached skill level 15 in Necromancy
  5916 | D        | Reached skill level 15 in Translocations
  5916 | D        | Reached skill level 15 in Fire Magic
  5916 | D        | Reached skill level 15 in Ice Magic
  5916 | D        | Reached skill level 15 in Air Magic
  5916 | D        | Reached skill level 15 in Earth Magic
  5916 | D        | Reached skill level 15 in Alchemy
  5920 | D        | Killed a boulder beetle
  5921 | D        | Reached skill level 5 in Dodging
  6484 | D        | Reached skill level 5 in Armour
  7031 | D        | Reached XP level 11. HP: 64/85 MP: 0/0
  7031 | D        | Learned a level 5 spell: Iskenderun's Battlesphere
  7579 | D        | Noticed a sea snake
  7698 | D        | Killed a sea snake
  8410 | D        | Noticed a manticore
  8492 | D        | Noticed Grum
  8501 | D        | Killed Grum
  8844 | D        | Noticed an emperor scorpion
  8871 | D        | HP: 1/85 [emperor scorpion (21)]
  8883 | D        | Killed an emperor scorpion
  8884 | D        | Reached skill level 10 in Dodging
  8973 | D        | Noticed Grinder
  8978 | D        | Killed a manticore
  8980 | D        | Killed Grinder
  9991 | D        | Reached skill level 10 in Armour
 10292 | D        | Noticed a flayed ghost
 10294 | D        | Killed a flayed ghost
 10302 | D        | Reached XP level 12. HP: 54/91 MP: 0/0
 11204 | D        | Noticed a boulder beetle
 11219 | D        | Killed a boulder beetle
 11495 | D        | Noticed an orc warlord
 11496 | D        | Noticed an orc warlord
 11497 | D        | Noticed a sun demon
 12652 | D        | Killed a sun demon
 13686 | D        | Noticed a deep elf knight
 13689 | D        | Noticed a vault guard
 13690 | D        | Noticed a naga warrior
 13690 | D        | Noticed a vault guard
 13695 | D        | Noticed a deep elf knight
 13708 | D        | Killed a deep elf knight
 13709 | D        | Reached skill level 15 in Dodging
 13736 | D        | Shot with an arrow by something

Illustrated notes

Levels and vault maps discovered:
D:        pitsprint [storerooms_1, entrance_room_1, metal_vault_6, armoury_2,
          mini_pit_1, grid_room_1, main_hall_1, silver_pit, the_coven_1,
          the_vestibule_1, steel_vault_2, golden_pit, hallway_of_sentries,
          crystal_vault_4, iron_vault_2, final_vault]

Skill      XL: |  1  2  3  4  5  6  7  8  9 10 11 12 |
---------------+-------------------------------------+-----
Spellcasting   | 4 6 7 8 11 12 13 15 16 18 | 18.0
Conjurations   | 4 6 7 8 11 12 13 15 16 18 | 18.0
Hexes          | 4 6 7 8 11 12 13 15 16 18 | 18.0
Summonings     | 4 6 7 8 11 12 13 15 16 18 | 18.0
Necromancy     | 4 6 7 8 11 12 13 15 16 18 | 18.0
Translocations | 4 6 7 8 11 12 13 15 16 18 | 18.0
Fire Magic     | 4 6 7 8 11 12 13 15 16 18 | 18.0
Ice Magic      | 4 6 7 8 11 12 13 15 16 18 | 18.0
Air Magic      | 4 6 7 8 11 12 13 15 16 18 | 18.0
Earth Magic    | 4 6 7 8 11 12 13 15 16 18 | 18.0
Alchemy        | 4 6 7 8 11 12 13 15 16 18 | 18.0
Short Blades   | 2 4 5 |  5.1
Stealth        | 3 4 6 7 |  7.1
Fighting       | 6 10 | 10.0
Armour         | 5 10 12 | 12.0
Dodging        | 7 11 15 | 15.0

Action                     |  1- 3 |  4- 6 |  7- 9 | 10-12 || total
---------------------------+-------+-------+-------+-------++-------
  Melee: Dagger            |    11 |       |       |    57 ||    68
         Punch             |       |       |       |     1 ||     1
   Cast: Sandblast         |     6 |     7 |     2 |     3 ||    18
         Stone Arrow       |       |    12 |    30 |   100 ||   142
         Summon Ice Beast  |       |       |     2 |     4 ||     6
         Petrify           |       |       |       |    27 ||    27
         Brom's Barrelling |       |       |       |     5 ||     5
         Iskenderun's Batt |       |       |       |     4 ||     4
         Necrotise         |       |       |       |     1 ||     1
    Use: Potion            |     4 |       |       |     6 ||    10
         Scroll            |       |       |       |     2 ||     2
   Stab: Invisible         |     4 |       |       |       ||     4
         Petrified         |       |       |       |    40 ||    40
         Petrifying        |       |       |       |     1 ||     1
 Armour: Robe              |    17 |     3 |     5 |    24 ||    49
         Acid dragon scale |       |       |       |    45 ||    45
  Dodge: Dodged            |    29 |     3 |     2 |    59 ||    93

Table legend: (Time is in decaauts) A = Elapsed time spent in this place. B = Non-inter-level travel time spent in this place. C = Inter-level travel time spent in this place. D = Time resting spent in this place. E = Time spent auto-exploring this place. F = Levels seen in this place. G = Mean time per level. A B C D E F G +--------+--------+--------+--------+--------+-----+--------+ Total | 13742 | 13693 | 49 | 12210 | 0 | 1 | 13742.0 | Dungeon | 13742 | 13693 | 49 | 12210 | 0 | 1 | 13742.0 | +--------+--------+--------+--------+--------+-----+--------+

Top non-repeatable levels by time:
       D: 13742 daAuts
